 Dungeon Crawl Stone Soup version 0.28-a0-1493-g08698888e4 (webtiles) character file.

Game seed: 6461033746563707404

12228 shadowrider38 the Thaumaturge (level 11, -16/93 HPs)
             Began as a Mummy Air Elementalist on Jan 12, 2022.
             Was a Priest of Ashenzari.
             Demolished by a boulder beetle (46 damage)
             ... on level 11 of the Dungeon.
             The game lasted 00:53:31 (20858 turns).

shadowrider38 the Thaumaturge (MuAE)               Turns: 20858, Time: 00:53:32

Health: -16/93     AC:  8    Str: 12    XL:     11   Next: 59%
Magic:  3/8        EV: 16    Int: 25    God:    Ashenzari [***...]
Gold:   245        SH:  0    Dex: 17    Spells: 25/33 levels left

rFire   x . .      SeeInvis +   b - +8 lajatang "Xeenel" {antimagic, rC+ Will- Dex+2}
rCold   + + .      Faith    .   (shield currently unavailable)
rNeg    + + +      Spirit   .   n - +0 robe {Archmagi}
rPois   ∞          Reflect  .   p - +3 helmet "Eternal Lifelessness" {+Inv rN+ Dex+3, Alch, Elem} (curse)
rElec   .          Harm     .   B - +0 cloak of Ouranomancy {Comp, Self} (curse)
rCorr   .          Rampage  .   z - +0 pair of gloves of Star-Bound Wisdom {Evo, Cun} (curse)
Will    .....      Archmagi +   (no boots)
Stlth   ++........ Clarity  +   i - amulet of the Chained Augurer {RegenMP, Evo, Range} (curse)
HPRegen 0.25/turn               d - ring of Cremastomancy {Int+6, Melee, Fort} (curse)
MPRegen 0.51/turn               (no ring)

@: no status effects
A: cold resistance 1, negative energy resistance 3, torment resistance 2, heat
vulnerability 1, no potions
a: Renounce Religion, Evoke Invisibility, Shatter the Chains


You were on level 11 of the Dungeon.
You worshipped Ashenzari.
Ashenzari was most pleased with you.
You visited 2 branches of the dungeon, and saw 12 of its levels.

You collected 511 gold pieces.
You spent 266 gold pieces at shops.

Inventory:

Hand Weapons
 a - a +4 great sword
 b - the +8 lajatang "Xeenel" (weapon) {antimagic, rC+ Will- Dex+2}
   (You acquired it on level 6 of the Dungeon)

   It reduces the magical energy of the wielder, and disrupts the spells and
   magical abilities of those it strikes.
   Natural abilities and divine invocations are not affected.
   Dex:       It affects your dexterity (+2).
   rC:        It protects you from cold.
   Will:      It decreases your willpower.
Missiles
 g - 38 poisoned darts
 j - a throwing net
 k - 211 stones
 A - 6 silver boomerangs
Armour
 h - a +0 leather armour
 n - a +0 robe of the Archmagi (worn)
 p - the cursed +3 helmet "Eternal Lifelessness" (worn) {+Inv rN+ Dex+3, Alch, Elem}
   (You bought it in a shop on level 6 of the Dungeon)

   Dex:       It affects your dexterity (+3).
   rN:        It protects you from negative energy.
   +Inv:      It lets you turn invisible.
   It has a curse which improves the following skills: Alchemy: Poison Magic and
   Transmutations.
   Elements:  Fire Magic, Ice Magic, Air Magic and Earth Magic.
 t - a +4 ring mail
 z - the cursed +0 pair of gloves of Star-Bound Wisdom (worn) {Evo, Cun}
   (You found it on level 9 of the Dungeon)

   It has a curse which improves the following skills: Evocations: Evocations.
   Cunning:   Dodging and Stealth.
 B - the cursed +0 cloak of Ouranomancy (worn) {Comp, Self}
   (You took it off Crazy Yiuf on level 2 of the Dungeon)

   It has a curse which improves the following skills: Companions: Summonings
   and Necromancy.
   Introspection: Fighting and Spellcasting.
Jewellery
 d - the cursed ring of Cremastomancy (left hand) {Int+6, Melee, Fort}
   (You found it on level 5 of the Dungeon)

   [ring of intelligence]

   Int:       It affects your intelligence (+6).
   It has a curse which improves the following skills: Melee Combat: Short
   Blades, Long Blades, Axes, Maces & Flails, Polearms, Staves and Unarmed
   Combat.
   Fortitude: Armour and Shields.
 i - the cursed amulet of the Chained Augurer (around neck) {RegenMP, Evo, Range}
   (You found it on level 1 of the Dungeon)

   [amulet of magic regeneration]

   It increases your rate of magic regeneration.
   It has a curse which improves the following skills: Evocations: Evocations.
   Ranged Combat: Slings, Bows, Crossbows and Throwing.
 l - a ring of ice
 w - a ring of ice
 C - a +4 ring of evasion
Wands
 o - a wand of flame (33)
 q - a wand of mindburst (39)
 x - a wand of iceblast (13)
 y - a wand of polymorph (8)
Scrolls
 c - a scroll of vulnerability
 e - 2 scrolls of amnesia
 f - 6 scrolls of fear
 m - 3 scrolls of blinking
 r - 2 scrolls of immolation
 s - a scroll of silence
 u - a scroll of summoning
 v - 5 scrolls of teleportation


   Skills:
 - Level 10.0(11.5) Fighting
 + Level 5.4(7.0) Dodging
 - Level 2.0(3.2) Stealth
 - Level 3.8(5.3) Shields
 - Level 10.0(11.5) Spellcasting
 - Level 0.7 Conjurations
 - Level 8.7(10.3) Air Magic
 - Level 4.1(6.4) Evocations


You had 25 spell levels left.
You knew the following spells:

 Your Spells              Type           Power      Damage    Failure   Level
a - Shock                 Conj/Air       100%       1d9       1%          1
b - Swiftness             Air            78%        N/A       1%          3
c - Airstrike             Air            39%        N/A       1%          4

Your spell library contained the following spells:

 Spells                   Type           Power      Damage    Failure   Level
 Static Discharge         Conj/Air       58%        N/A       1%          2
 Summon Small Mammal      Summ           92%        N/A       3%          1
 Call Canine Familiar     Summ           23%        N/A       12%         3
 Summon Guardian Golem    Hex/Summ       22%        N/A       12%         3
 Tukima's Dance           Hex            21%        N/A       13%         3
 Anguish                  Hex/Necr       11%        N/A       38%         4
 Enfeeble                 Hex            10%        N/A       100%        7


Dungeon Overview and Level Annotations

Branches:
Dungeon (11/15)            Temple (1/1) D:5            Lair (0/6) D:10
    Orc: D:9-12

Altars:
Ashenzari
Cheibriados
Dithmenos
Elyvilon
Fedhas
Gozag
Hepliaklqana
Kikubaaqudgha
Makhleb
Nemelex Xobeh
Okawaru
Qazlal
Ru
Sif Muna
Trog
Uskayaw
Vehumet
Wu Jian
Xom
Yredelemnul
Zin
The Shining One

Shops:
D:6 [*:

Annotations:
D:4 exclusion: ogre


Innate Abilities, Weirdness & Mutations

You are immune to poison.
Your flesh is cold resistant. (rC+)
You are immune to negative energy. (rN+++)
You are immune to unholy pain and torment.
You are vulnerable to heat. (rF-)
You do not drink.


Message History

Aim: a boulder beetle (almost dead, empty space bonus: 8/8)
You feel a surge of power!
The air twists around and strikes the boulder beetle!
The boulder beetle is almost dead.
The boulder beetle curls into a ball and begins rolling!
Throw: 2 throwing nets
Press: ? - help, Shift-Dir - straight line, f/p - boulder beetle
Aim: a boulder beetle (almost dead, rolling, 90% to hit)
You throw a throwing net.
The throwing net hits the boulder beetle.
The boulder beetle is caught in the net!
The boulder beetle is almost dead.
The boulder beetle struggles against the net. x2
The boulder beetle struggles against the net. x2
The boulder beetle struggles against the net.
The net rips apart, and the boulder beetle comes free!
You feel agile.
You feel magic leave you.
b - the +8 lajatang "Xeenel" (weapon)
{antimagic, rC+ Will- Dex+2} You hit the boulder beetle but do no damage.
The boulder beetle is almost dead.
The boulder beetle closely misses you.
The boulder beetle stops rolling and uncurls.
The boulder beetle bites you.
You barely miss the boulder beetle.
The boulder beetle is almost dead.
The boulder beetle leaps!
You start resting.
A boulder beetle is nearby!
A boulder beetle is nearby!
A boulder beetle is nearby!
Aiming: Airstrike (mildly dangerous; 1% risk of failure)
Press: ? - help, Q - select action, (/) - cycle Dir - move target, f/p - boulder beetle
Aim: a boulder beetle (almost dead, empty space bonus: 6/8)
You feel a surge of power!
The air twists around and strikes the boulder beetle.
The boulder beetle is almost dead.
The boulder beetle curls into a ball and begins rolling!
The boulder beetle hits you!!!
You die...

.....#.################.#.##.#.#.
.....#.#, .................#.....
.....#.# *..........##....#.....
.....#.# , ..........#...##.....
..#....# * ,,....................
..####.#,* , .......##.####.#.##
[####### #.####..○#####........#
..)....#,#......B.+......#####.#
.#####.# ######.@.#............#
.#####.# .........#.####.########
.......# ######...#.# #.# #...
#####..# ##.##.# #.# #.##
#..#########.##.# #.# #.#.
#............##.# #.### #.#.
#.#############.# #...###...
#####...............######.......
.^...............................


You could see a boulder beetle (rolling).

Vanquished Creatures
  A boulder beetle (D:7)
  3 two-headed ogres
  2 skeletal warriors (D:9)
  2 manticores
  An unseen horror (D:6)
  2 komodo dragons (D:10)
  A troll (D:11)
  A hornet (D:8)
  Sigmund (D:5)
  2 wyverns
  A vampire (D:11)
  Eustachio (D:5)
  4 basilisks
  9 yaks
  2 steam dragons (D:10)
  An acid dragon (D:8)
  A water moccasin (D:7)
  3 orc warriors
  A sky beast (D:3)
  2 black bears
  2 necrophages (D:7)
  4 centaurs
  2 ogres
  A phantom (D:5)
  2 kobold brigands
  A wyvern zombie (D:7)
  A gnoll sergeant (D:9)
  5 scorpions
  A wyvern skeleton (D:7)
  3 killer bees (D:7)
  10 wights
  8 electric eels (D:7)
  4 centaur zombies
  6 hounds
  7 orc priests
  Crazy Yiuf (D:2)
  A centaur skeleton (D:7)
  A gnoll shaman (D:9)
  2 jellies
  A bullfrog skeleton (D:4)
  2 iguanas
  4 orc wizards
  A killer bee zombie (D:9)
  2 howler monkey zombies
  A howler monkey skeleton (D:7)
  7 gnolls (D:9)
  6 adders
  2 white imps
  An ufetubus (D:5)
  An adder skeleton (D:4)
  3 worms
  A dart slug (D:5)
  15 orcs
  10 ball pythons
  5 bats
  10 endoplasms
  A giant cockroach (D:1)
  8 goblins
  8 hobgoblins
  4 quokkas
  A frilled lizard (D:2)
  20 kobolds
  7 rats
224 creatures vanquished.

Vanquished Creatures (others)
  28 plants
28 creatures vanquished.

Grand Total: 252 creatures vanquished

Notes
Turn   | Place    | Note
-------+----------+-------------------------------------------
     0 | D:1      | shadowrider38 the Mummy Air Elementalist began the quest
                  | for the Orb.
     0 | D:1      | Reached XP level 1. HP: 13/13 MP: 4/4
   116 | D:1      | Reached skill level 1 in Fighting
   245 | D:1      | Reached XP level 2. HP: 22/22 MP: 0/5
  1223 | D:1      | Reached XP level 3. HP: 27/27 MP: 2/7
  2484 | D:2      | Found a faded altar of an unknown god.
  2503 | D:2      | Learned a level 3 spell: Swiftness
  2553 | D:3      | Reached XP level 4. HP: 33/33 MP: 6/8
  3014 | D:3      | Noticed a scorpion
  3142 | D:3      | Found a burning altar of Makhleb.
  3172 | D:3      | Noticed a sky beast
  3291 | D:3      | Learned a level 4 spell: Airstrike
  3556 | D:3      | Reached XP level 5. HP: 41/41 MP: 7/9
  4434 | D:4      | Noticed an ogre
  4477 | D:4      | Reached XP level 6. HP: 40/48 MP: 6/10
  5913 | D:5      | Entered Level 5 of the Dungeon
  5925 | D:5      | Reached skill level 5 in Air Magic
  6104 | D:5      | Reached XP level 7. HP: 55/55 MP: 7/11
  6221 | D:5      | Noticed Sigmund
  6231 | D:5      | Killed Sigmund
  6232 | D:5      | Reached skill level 5 in Fighting
  6528 | D:5      | Found a bloodstained altar of Trog.
  6737 | D:5      | Noticed Eustachio
  6859 | D:5      | Found a staircase to the Ecumenical Temple.
  6882 | D:5      | Found a hide-covered altar of Uskayaw.
  6884 | D:5      | Found a hazy altar of Hepliaklqana.
  6937 | D:5      | Found a shadowy altar of Dithmenos.
  7041 | Temple   | Entered the Ecumenical Temple
  7267 | Temple   | Became a worshipper of Ashenzari the Shackled
  7325 | D:5      | Found an iron altar of Okawaru.
  7546 | D:6      | Reached skill level 5 in Spellcasting
  7753 | D:6      | Found an opulent altar of Gozag.
  7824 | D:6      | Found Ojaisia's General Store.
  8027 | D:7      | Reached XP level 8. HP: 64/64 MP: 3/15
  8408 | D:7      | Reached skill level 1 in Evocations
  8832 | D:6      | Found Jaomuo's Book Emporium.
  9173 | D:6      | Found Gaddus's Antique Armour Shoppe.
  9547 | D:6      | Identified a scroll of acquirement
  9549 | D:6      | Acquired the +8 lajatang "Xeenel" {antimagic, rC+ Will-
                  | Dex+2}
 10243 | D:7      | Reached XP level 9. HP: 28/69 MP: 8/20
 10879 | D:7      | Reached * piety under Ashenzari
 10952 | D:7      | Noticed a boulder beetle
 11962 | D:7      | Reached ** piety under Ashenzari
 12661 | D:8      | Found a sparkling altar of Nemelex Xobeh.
 13180 | D:9      | Noticed a two-headed ogre
 13187 | D:9      | Killed a two-headed ogre
 13188 | D:9      | Reached XP level 10. HP: 80/80 MP: 5/23
 13572 | D:6      | Bought a transparent helmet for 266 gold pieces
 13572 | D:6      | Identified the +3 helmet of Elyvilon's Supremacy {+Inv rN+
                  | Dex+3} (You bought it in a shop on level 6 of the Dungeon)
 14045 | D:9      | Reached skill level 10 in Spellcasting
 14333 | D:9      | Noticed a skeletal warrior
 14654 | D:9      | Killed a skeletal warrior
 14685 | D:9      | Noticed a skeletal warrior
 14731 | D:9      | Noticed a skeletal warrior
 14979 | D:9      | Found a basalt altar of Yredelemnul.
 15003 | D:9      | Noticed a two-headed ogre
 15007 | D:9      | Killed a two-headed ogre
 15177 | D:9      | Killed a skeletal warrior
 15530 | D:10     | Entered Level 10 of the Dungeon
 15545 | D:10     | Noticed a manticore
 15558 | D:10     | Killed a manticore
 16133 | D:10     | Found a snail-covered altar of Cheibriados.
 16301 | D:10     | Reached skill level 10 in Fighting
 16376 | D:10     | Reached skill level 1 in Shields
 16619 | D:10     | Reached XP level 11. HP: 83/90 MP: 13/25
 16781 | D:10     | Found a staircase to the Lair.
 17100 | D:7      | Killed a boulder beetle
 17589 | D:5      | Killed Eustachio
 17918 | D:2      | Found a runed translucent door.
 17919 | D:2      | Noticed Crazy Yiuf
 17924 | D:2      | Killed Crazy Yiuf
 19867 | D:11     | Reached *** piety under Ashenzari
 19884 | D:11     | Noticed a two-headed ogre
 19891 | D:11     | Killed a two-headed ogre
 20430 | D:11     | Reached skill level 5 in Dodging
 20827 | D:11     | Noticed a boulder beetle
 20858 | D:11     | Demolished by a boulder beetle

Illustrated notes

Levels and vault maps discovered:
D:1:      grunt_arrival_lava_bath, layout_loops_ring, st_stairs_12,
          hangedman_abyss_or_decor_lesser_grid, minmay_box_of_dots
D:2:      layout_loops_ring, ebering_ecumenical_altar_ruins, nrook_uturn,
          item_on_display_a, uniq_crazy_yiuf_cottage
D:3:      layout_loops_ring, mainiacjoe_overflow_24_doors, serial_bayou,
          serial_bayou_crossing, serial_bayou_shore_b, serial_bayou_pond_b,
          serial_bayou_ford_a
D:4:      layout_cave_pods, roderic_filled_cross
D:5:      layout_rooms, trog_three_pillars_becter, okawaru_ov_weapons_minmay,
          grunt_dithmenos_shadows, minitemple, temple_green,
          corexii_item_surrounded_by_moat, uniq_sigmund, uniq_eustachio
D:6:      layout_gridville, gammafunk_temple_overflow_pools, serial_shops, shop,
          nicolae_shop_stone, nicolae_shop_waterfront
D:7:      layout_gridville, serial_bayou, serial_bayou_pond_e,
          serial_bayou_lagoon_b, serial_bayou_pond_b, serial_bayou_pond_c,
          minmay_microvault
D:8:      layout_rooms, old_standard_altar
D:9:      layout_basic, mainiacjoe_overflow_tiny_flanked,
          serial_co_window_serial, co_window_corner_a, co_window_paths_a,
          co_window_of_opportunity_a, co_window_paths_a, co_window_corner_a,
          co_window_corner_a, co_window_of_opportunity_c, co_window_2corner,
          co_window_broadway_a, co_window_of_opportunity_c, glass_columns_a,
          glass_columns_c, glass_columns_a, glass_columns_a, glass_columns_c
D:10:     layout_basic, elyvilon_altar_5, mainiacjoe_overflow_catwalk,
          erik_lair_dragon, kennysheep_decorative_pillar,
          chequers_decorated_corner
D:11:     layout_basic
Temple:   dpeg_chambers_temple

Skill      XL: |  1  2  3  4  5  6  7  8  9 10 11 |
---------------+----------------------------------+-----
Fighting       | 1 2 3 4 6 8 10 | 10.0
Spellcasting   | 3 5 7 9 10 | 10.0
Air Magic      | 3 4 5 6 7 8 |  8.7
Stealth        | 2 |  2.0
Dodging        | 2 4 5 |  5.4
Evocations     | 3 4 |  4.1
Shields        | 2 3 |  3.8
Conjurations   | |  0.7

Action                   |  1- 3 |  4- 6 |  7- 9 | 10-12 || total
-------------------------+-------+-------+-------+-------++-------
Melee: Short sword       |    33 |    55 |    45 |       ||   133
       Punch             |     1 |     1 |       |       ||     2
       Lajatang          |       |       |     4 |     9 ||    13
       Great sword       |       |       |       |    33 ||    33
Throw: Throwing net      |       |       |       |     1 ||     1
 Cast: Shock             |    95 |   122 |    63 |       ||   280
       Airstrike         |       |       |    89 |   164 ||   253
Invok: Curse Item        |       |       |     3 |     3 ||     6
       Shatter the Chain |       |       |       |     1 ||     1
Evoke: Wand              |       |       |     6 |       ||     6
  Use: Scroll            |       |       |     6 |       ||     6
 Stab: Sleeping          |     1 |     1 |       |       ||     2
Armor: Robe              |     2 |     8 |    16 |    24 ||    50
Dodge: Dodged            |    16 |    36 |    77 |    66 ||   195

Table legend: (Time is in decaauts)
 A = Elapsed time spent in this place.
 B = Non-inter-level travel time spent in this place.
 C = Inter-level travel time spent in this place.
 D = Time resting spent in this place.
 E = Time spent auto-exploring this place.
 F = Levels seen in this place.
 G = Mean time per level.
                   A        B        C        D        E       F      G
               +--------+--------+--------+--------+--------+-----+--------+
         Total |  20926 |  19649 |   1277 |  10756 |   6460 |  12 | 1743.8 |
       Dungeon |  20671 |  19444 |   1227 |  10756 |   6272 |  11 | 1879.2 |
        Temple |    254 |    204 |     50 |      0 |    188 |   1 |  254.0 |
               +--------+--------+--------+--------+--------+-----+--------+

Top non-repeatable levels by time:
     D:7: 2526 daAuts
     D:6: 2493 daAuts
    D:10: 2021 daAuts
    D:11: 2002 daAuts
     D:5: 1891 daAuts
     D:9: 1701 daAuts
     D:3: 1699 daAuts
     D:1: 1669 daAuts
     D:8: 1619 daAuts
     D:4: 1583 daAuts
     D:2: 1461 daAuts
  Temple: 254 daAuts
